 Dungeon Crawl Stone Soup version 0.20-a0-930-gbddf555 (webtiles) character file.

4670 tarabluh the Destroyer (level 10, -2/55 HPs)
             Began as a Deep Elf Conjurer on Mar 30, 2017.
             Was a High Priest of Vehumet.
             Killed from afar by an electric eel (13 damage)
             ... with a bolt of electricity
             ... on level 8 of the Dungeon.
             The game lasted 00:24:47 (7814 turns).

tarabluh the Destroyer (Deep Elf Conjurer)          Turns: 7814, Time: 00:24:47

Health: -2/55      AC: 11    Str:  6    XL:     10   Next: 21%
Magic:  23/28      EV: 15    Int: 23    God:    Vehumet [*****.]
Gold:   465        SH:  0    Dex: 15    Spells: 5/33 levels left

rFire    + . .     SeeInvis .   t - +0 dagger (drain)
rCold    . . .     Gourm    .   (no shield)
rNeg     . . .     Faith    .   J - +1 robe {MR+}
rPois    .         Spirit   .   m - +2 helmet
rElec    .         Reflect  .   (no cloak)
rCorr    .         Harm     .   u - +0 pair of gloves
MR       ++...                  p - +0 pair of boots
Stlth    ++........             (no amulet)
Regen    0.0/turn               (no ring)
MPRegen  0.3/turn               (no ring)

@: no status effects
A: iridescent scales 1, rugged brown scales 1, fire resistance 1, inhibited
regeneration
a: Renounce Religion


You were on level 8 of the Dungeon.
You worshipped Vehumet.
Vehumet was extremely pleased with you.
You were not hungry.

You visited 1 branch of the dungeon, and saw 8 of its levels.
You also visited: Ossuary.

You collected 465 gold pieces.

Inventory:

Hand Weapons
 t - a +0 dagger of draining (weapon)
Missiles
 k - 8 tomahawks (quivered)
Armour
 m - a +2 helmet (worn)
 p - a +0 pair of boots (worn)
 u - a +0 pair of gloves (worn)
 J - a +1 robe of magic resistance (worn)
Jewellery
 D - an uncursed ring of ice
Wands
 d - a wand of enslavement (14/24)
 g - a wand of disintegration (16/24)
 B - a wand of lightning (15/15)
 E - a wand of digging (20/24)
Scrolls
 e - 3 scrolls of recharging
 f - 2 scrolls of fear
 j - 2 scrolls of remove curse
 n - a scroll of blinking {unknown}
 o - a scroll of magic mapping {unknown}
 q - a scroll of fog
 v - a scroll of immolation {unknown}
 x - a scroll of torment {unknown}
 y - 2 scrolls of enchant armour {unknown}
 A - a scroll of noise
 F - 2 scrolls of brand weapon {unknown}
 G - a scroll of identify
Potions
 h - 3 potions of haste
 l - a potion of berserk rage
 r - 8 potions of heal wounds
 z - a potion of invisibility
 C - 3 potions of curing
 H - a potion of magic {unknown}
Books
 b - a book of Conjurations

   Spells                             Type                      Level
   a - Magic Dart                     Conjuration                  1
   b - Searing Ray                    Conjuration                  2
   c - Dazzling Spray                 Conjuration/Hexes            3
   d - Fulminant Prism                Conjuration/Hexes            4
   e - Force Lance                    Conjuration/Translocation    4
   f - Iskenderun's Mystic Blast      Conjuration                  4
Comestibles
 a - 14 chunks of flesh
 c - 5 bread rations
 i - 6 meat rations
 s - 4 fruits
 w - 5 royal jellies


   Skills:
 * Level 2.5 Fighting
 * Level 5.1 Dodging
 - Level 2.4 Stealth
 - Level 12.0 Spellcasting
 - Level 12.1 Conjurations
 - Level 2.0 Hexes
 + Level 0.0 Fire Magic


You had 5 spell levels left.
You knew the following spells:

 Your Spells              Type           Power        Failure   Level  Hunger
a - Magic Dart            Conj           ####         1%          1    None
b - Searing Ray           Conj           ######       1%          2    None
c - Iskenderun's Mystic   Conj           ######..     1%          4    None
d - Dazzling Spray        Conj/Hex       #####.       1%          3    None
e - Force Lance           Conj/Tloc      #####...     1%          4    None
f - Fulminant Prism       Conj/Hex       #####.....   1%          4    None
g - Sticky Flame          Conj/Fire      #####...     1%          4    None
h - Bolt of Fire          Conj/Fire      #####.....   21%         6    #####..


Dungeon Overview and Level Annotations

Branches:
Dungeon (8/15)             Temple (0/1) D:4
   Lair: D:8-11

Altars:
Kikubaaqudgha
Ru
Sif Muna
Vehumet
Wu Jian

Shops:
D:5 *   D:6 %   D:8 %


Innate Abilities, Weirdness & Mutations

You are partially covered in iridescent scales. (AC +2)
You are partially covered in rugged brown scales. (AC +1, +3% HP)
Your flesh is heat resistant. (rF+)
You do not regenerate when monsters are visible.


Message History

The electric eel shoots out a bolt of lightning at you!
The bolt of electricity hits the electric eel.
The electric eel completely resists.
The bolt of electricity hits you!
Found a bread ration.
Casting: Fulminant Prism
Confirm with . or Enter, or press ? or * to list all spells.
Aiming: Fulminant Prism
Press: ? - help, Dir - move target cursor, p - electric eel You conjure a prism of explosive energy!
The electric eel shoots out a bolt of lightning at you!
The bolt of electricity hits you!
The electric eel shoots out a bolt of lightning at you!
The bolt of electricity hits you!
The electric eel shoots out a bolt of lightning at you!
The bolt of electricity hits the electric eel.
The electric eel completely resists.
The bolt of electricity hits you!
* * * LOW HITPOINT WARNING * * *
The electric eel shoots out a bolt of lightning at you!
The bolt of electricity hits you!
You die...

...≈.%≈≈≈....#.### ##
≈≈..≈≈;≈.≈...#......
≈;≈≈*≈;≈≈....#<#.#.### ##
≈≈.≈≈≈..≈....#.#.#...#.#.
.....≈..≈≈...#.#.....#...
................... ...
.............#.#.########
...........#.......÷÷....
........@......#.########
...............#.........
...............#.#######.
...............#.# #.
########'#....<#.# #.
#.#...)...#######.
#.#...#.#..)......
#.#...........))).
#.#...#.#.#######.


You could see 3 electric eels and a friendly fulminant prism.

Vanquished Creatures
  The ghost of Yurtisuma the Cleaver, a novice BaBe of Trog (D:6)
  Grinder (D:6)
  A hippogriff (D:7)
  Sigmund (D:3)
  Menkaure (D:7)
  3 orc warriors
  A phantom (D:4)
  2 sky beasts
  An ice beast (D:7)
  A centaur (D:5)
  4 ogres
  An elf zombie (D:7)
  2 big kobolds
  5 bullfrogs
  2 elf skeletons (D:7)
  The ghost of Duck the Skirmisher, a weakling DsBe of Trog (D:3)
  2 howler monkeys (D:8)
  3 crimson imps
  A quasit (D:6)
  A centaur zombie (Ossuary)
  2 jellies
  11 hounds
  6 orc priests
  14 orc wizards
  2 bullfrog skeletons
  3 human skeletons (D:7)
  2 worker ants
  4 big kobold zombies (Ossuary)
  A hound zombie (D:6)
  2 hound skeletons (D:5)
  2 mummies (Ossuary)
  7 adders
  An ooze (D:2)
  An adder zombie (Ossuary)
  An adder skeleton (D:6)
  5 worms
  A dart slug (D:2)
  2 leopard geckos
  27 orcs
  9 giant cockroaches
  5 goblins
  7 hobgoblins
  11 jackals
  2 quokkas
  A ball python (D:3)
  7 bats
  4 frilled lizards
  A goblin zombie (Ossuary)
  9 hobgoblin zombies (Ossuary)
  A jackal skeleton (D:6)
  A jackal zombie (Ossuary)
  11 kobolds
  9 kobold zombies (Ossuary)
  9 orc zombies (Ossuary)
  A quokka skeleton (D:6)
  5 rats
  2 rat zombies (Ossuary)
224 creatures vanquished.

Vanquished Creatures (others)
  10 fulminant prisms
10 creatures vanquished.

Grand Total: 234 creatures vanquished

Notes
Turn   | Place    | Note
-------+----------+-------------------------------------------
     0 | D:1      | tarabluh the Deep Elf Conjurer began the quest for the Orb.
     0 | D:1      | Reached XP level 1. HP: 10/10 MP: 6/6
   509 | D:1      | Reached XP level 2. HP: 15/15 MP: 6/8
   935 | D:2      | Reached skill level 5 in Conjurations
   939 | D:2      | Learned a level 2 spell: Searing Ray
  1157 | D:2      | Found a radiant altar of Vehumet.
  1165 | D:2      | Became a worshipper of Vehumet
  1248 | D:2      | Reached XP level 3. HP: 19/19 MP: 3/9
  1786 | D:3      | Noticed Duck's ghost (weakling DsBe)
  1805 | D:3      | Killed Duck's ghost
  1805 | D:3      | Reached XP level 4. HP: 24/24 MP: 4/11
  2027 | D:3      | Reached * piety under Vehumet
  2027 | D:3      | Offered knowledge of Sandblast by Vehumet.
  2130 | D:3      | Found a sacrificial altar of Ru.
  2339 | D:3      | Noticed Sigmund
  2494 | D:3      | Noticed a big kobold
  2494 | D:3      | Reached XP level 5. HP: 21/28 MP: 6/13
  2820 | D:3      | Killed Sigmund
  2820 | D:3      | Reached skill level 5 in Spellcasting
  2820 | D:3      | Reached XP level 6. HP: 23/32 MP: 4/16
  3150 | D:4      | Reached XP level 7. HP: 18/36 MP: 1/18
  3265 | D:4      | Learned a level 4 spell: Iskenderun's Mystic Blast
  3269 | D:4      | Learned a level 3 spell: Dazzling Spray
  3294 | D:4      | Learned a level 4 spell: Force Lance
  3299 | D:4      | Learned a level 4 spell: Fulminant Prism
  3416 | D:4      | Offered knowledge of Shock by Vehumet.
  3433 | D:4      | Reached ** piety under Vehumet
  3706 | D:4      | Found a staircase to the Ecumenical Temple.
  3918 | D:5      | Entered Level 5 of the Dungeon
  3965 | D:5      | Found an ornate altar of the Wu Jian Council.
  4116 | D:5      | Reached skill level 1 in Hexes
  4412 | D:5      | Found Yluif's General Store.
  4572 | D:5      | Reached XP level 8. HP: 41/41 MP: 12/21
  4588 | D:5      | Offered knowledge of Inner Flame by Vehumet.
  4945 | D:6      | Noticed Grinder
  4952 | D:6      | Reached skill level 10 in Conjurations
  4966 | D:6      | Killed Grinder
  4966 | D:6      | Reached *** piety under Vehumet
  5092 | D:6      | Found Ygeum's Food Boutique.
  5405 | D:6      | Found a deep blue altar of Sif Muna.
  5405 | D:6      | Found an ancient bone altar of Kikubaaqudgha.
  5481 | D:6      | Noticed Yurtisuma's ghost (novice BaBe)
  5493 | D:6      | Killed Yurtisuma's ghost
  5493 | D:6      | Reached XP level 9. HP: 32/45 MP: 17/24
  5776 | D:7      | Gained mutation: You are clumsy. (Dex -2) [mutagenic meat]
  5777 | D:7      | Gained mutation: You are partially covered in rugged brown scales. (AC +1, +3% HP) [mutagenic meat]
  5778 | D:7      | Gained mutation: You do not regenerate when monsters are visible. [mutagenic meat]
  5779 | D:7      | Gained mutation: You are partially covered in iridescent scales. (AC +2) [mutagenic meat]
  5780 | D:7      | Lost mutation: You are clumsy. (Dex -2) [mutagenic meat]
  5781 | D:7      | Gained mutation: Your flesh is heat resistant. (rF+) [mutagenic meat]
  5902 | D:7      | Reached skill level 10 in Spellcasting
  5981 | D:7      | Found a sand-covered staircase.
  5985 | D:7      | Offered knowledge of Sticky Flame by Vehumet.
  5993 | D:7      | Learned a level 4 spell: Sticky Flame
  5994 | Ossuary  | Entered an ossuary
  6107 | Ossuary  | Reached **** piety under Vehumet
  6137 | Ossuary  | Offered knowledge of Stone Arrow by Vehumet.
  7059 | D:7      | Reached skill level 1 in Fighting
  7062 | D:7      | Noticed Menkaure
  7063 | D:7      | Killed Menkaure
  7063 | D:7      | Reached XP level 10. HP: 51/53 MP: 10/28
  7435 | D:8      | Found Liraafud's Food Shoppe.
  7588 | D:8      | Reached ***** piety under Vehumet
  7645 | D:8      | Reached skill level 5 in Dodging
  7654 | D:8      | Offered knowledge of Bolt of Fire by Vehumet.
  7668 | D:8      | Learned a level 6 spell: Bolt of Fire
  7814 | D:8      | Killed from afar by an electric eel

Vault maps used:
D:1:      mrwooster_arrival_statue
D:2:      nicolae_overflow_hidden_temple, overflow_temple_1_default
D:3:      nicolae_ru_awakened_eye, uniq_sigmund
D:4:      minmay_temple_entry_trees, first_bread
D:5:      kennysheep_mini, serial_shops, nicolae_shop_window_shopping
D:6:      chequers_temple_overflow_statue_of_worship, serial_shops, shop,
          uniq_grinder
D:7:      nicolae_ossuary_entry_catacombs, uniq_menkaure
D:8:      erik_lair_island, serial_shops, shop
Ossuary:  ossuary_tomb_1

Skill      XL: |  1  2  3  4  5  6  7  8  9 10 |
---------------+-------------------------------+-----
Conjurations   | 5 6 7 8 9 11 12 | 12.1
Spellcasting   | 4 5 6 7 9 12 | 12.0
Hexes          | 2 |  2.0
Fighting       | 1 2 |  2.5
Dodging        | 3 5 |  5.1
Stealth        | |  2.4

Action                   |  1- 3 |  4- 6 |  7- 9 | 10-12 || total
-------------------------+-------+-------+-------+-------++-------
Melee: Dagger            |       |    27 |    86 |     1 ||   114
 Cast: Magic Dart        |    64 |    83 |   168 |    19 ||   334
       Searing Ray       |     1 |    11 |    41 |     6 ||    59
       Dazzling Spray    |       |       |    20 |       ||    20
       Iskenderun's Myst |       |       |     3 |       ||     3
       Sticky Flame      |       |       |     6 |     9 ||    15
       Fulminant Prism   |       |       |     6 |     5 ||    11
  Use: Scroll            |       |       |    12 |       ||    12
  Eat: Chunk             |     2 |     5 |    18 |     2 ||    27
Armor: Robe              |     4 |    23 |    84 |     5 ||   116
       Skin              |       |       |     4 |       ||     4
Dodge: Dodged            |     6 |    53 |   129 |     8 ||   196
